 Dungeon Crawl Stone Soup version 0.25-a0-1130-g3926558f3a (webtiles) character file.

Game seed: 9834169838559272073, levelgen mode: deterministic

191821 kae the Formicid Blade (level 18, -12/140 HPs)
             Began as a Formicid Abyssal Knight on May 19, 2020.
             Was the Champion of Lugonu.
             Killed from afar by a merfolk aquamancer (22 damage)
             ... with a torrent of water
             ... on level 1 of the Shoals.
             The game lasted 01:01:38 (47413 turns).

kae the Formicid Blade (Formicid Abyssal Knight)   Turns: 47413, Time: 01:01:39

Health: -12/140    AC: 23    Str: 19    XL:     18   Next: 89%
Magic:  0/27       EV: 15    Int: 12    God:    Lugonu [******]
Gold:   2725       SH:  0    Dex: 19    Spells: 17/17 levels left

rFire    + + +     SeeInvis +   F - +3 triple sword (flame)
rCold    + . .     Gourm    .   C - +5 kite shield of Love and Death {rElec Dex+5}
rNeg     + . .     Faith    .   m - +9 scale mail of Ocyipig {Harm rF++ rCorr Str-4}
rPois    +         Spirit   +   (helmet unavailable)
rElec    +         Reflect  .   H - scarf {repulsion}
rCorr    +         Harm     +   r - +3 pair of gauntlets of War {Slay+5}
MR       +....                  T - +0 pair of boots
Stlth    ..........             k - amulet of guardian spirit
HPRegen  0.33/turn              K - ring "Cehaebbu" {rElec rPois rF+ rCorr}
MPRegen  0.20/turn              p - ring of Tomaer {rC+ rN+ Dex+4 SInv}

@: confused, lethally poisoned (-12 -> -42), mesmerised, very slightly
contaminated, lightly drained, repel missiles, very slow
A: permanent stasis, dig shafts and tunnels, four strong arms, antennae 3, dopey
1
}: 1/15 runes: serpentine
a: Dig, Shaft Self, Depart the Abyss, Bend Space, Banish, Corrupt, Enter the
Abyss, Brand Weapon With Distortion, Renounce Religion


You were on level 1 of the Shoals.
You worshipped Lugonu.
Lugonu was exalted by your worship.
You were not hungry.

You visited 5 branches of the dungeon, and saw 28 of its levels.
You visited the Abyss 2 times.
You also visited: Ossuary and Bailey.

You collected 3787 gold pieces.
You spent 1062 gold pieces at shops.

Inventory:

Hand Weapons
 a - a +2 vorpal falchion
 b - a +8 scimitar of flaming
 g - a +2 falchion
 F - a +3 triple sword of flaming (weapon)
Armour
 m - the +9 scale mail of Ocyipig (worn) {Harm rF++ rCorr Str-4}
   (You found it on level 5 of the Lair of Beasts)

   It affects your strength (-4).
   It greatly protects you from fire.
   It provides partial protection from all sources of acid and corrosion.
   It increases damage dealt and taken.
 r - the +3 pair of gauntlets of War (worn) {Slay+5}
   (You found it on level 12 of the Dungeon)

   It affects your accuracy and damage with ranged weapons and melee attacks
   (+5).
 C - the +5 kite shield of Love and Death (worn) {rElec Dex+5}
   (You found it in a bailey)

   It affects your dexterity (+5).
   It insulates you from electricity.
 H - a scarf of repulsion (worn)
 T - a +0 pair of boots (worn)
Jewellery
 k - an amulet of guardian spirit (around neck)
 p - the ring of Tomaer (right hand) {rC+ rN+ Dex+4 SInv}
   (You found it on level 5 of the Dungeon)

   [ring of positive energy]

   It affects your dexterity (+4).
   It protects you from cold.
   It protects you from negative energy.
   It lets you see invisible.
 q - a +4 ring of evasion
 u - a +6 ring of dexterity
 y - an uncursed amulet of reflection
 z - an uncursed ring of protection from magic
 I - an uncursed amulet of faith
 K - the ring "Cehaebbu" (left hand) {rElec rPois rF+ rCorr}
   (You found it on level 5 of the Lair of Beasts)

   [ring of resist corrosion]

   It protects you from fire.
   It insulates you from electricity.
   It protects you from poison.
   It provides partial protection from all sources of acid and corrosion.
 L - an uncursed ring of flight
 M - an uncursed ring of protection from fire
 P - the ring of Elitism {MP+9 Str+4}
   (You found it on level 12 of the Dungeon)

   [ring of magical power]

   It affects your strength (+4).
   It affects your magic capacity (+9).
Wands
 e - a wand of iceblast (6)
 h - a wand of clouds (19)
 v - a wand of random effects (55)
 x - a wand of digging (5)
 G - a wand of paralysis (49)
 N - a wand of flame (41)
Scrolls
 f - 21 scrolls of remove curse
 j - 2 scrolls of magic mapping
 w - 2 scrolls of fog
 D - 3 scrolls of amnesia
 E - 9 scrolls of identify
 Q - 3 scrolls of enchant armour
 S - a scroll of holy word
Potions
 d - 5 potions of stabbing
 i - 5 potions of cancellation
 l - 4 potions of lignification
 n - 2 potions of ambrosia
 s - 3 potions of heal wounds
 t - 5 potions of brilliance
 A - 7 potions of curing
 O - 3 potions of flight
 R - a potion of mutation
Comestibles
 c - 33 rations


   Skills:
 + Level 12.0(11.9) Fighting
 - Level 24.0(23.8) Long Blades
 - Level 9.0(8.8) Armour
 - Level 7.1(7.0) Dodging
 - Level 10.3(10.2) Shields
 - Level 13.1(13.0) Invocations


You had 17 spell levels left.
You didn't know any spells.
Your spell library contained the following spells:

 Spells                   Type           Power        Failure   Level  Hunger
 Beastly Appendage        Tmut           #.....       63%         1    ##.....
 Foxfire                  Conj/Fire      #...         63%         1    ##.....
 Freeze                   Ice            #...         63%         1    ##.....
 Magic Dart               Conj           #...         63%         1    ##.....
 Summon Small Mammal      Summ           #...         63%         1    ##.....
 Call Imp                 Summ           #.......     77%         2    ###....
 Searing Ray              Conj           #.....       77%         2    ###....
 Sticks to Snakes         Tmut           #.......     77%         2    ###....
 Call Canine Familiar     Summ           #.......     94%         3    ####...
 Conjure Flame            Conj/Fire      #.......     94%         3    ####...
 Dazzling Flash           Conj/Hex       #.....       94%         3    ####...
 Frozen Ramparts          Ice            #.....       94%         3    ####...
 Inner Flame              Hex/Fire       #.......     94%         3    ####...
 Ozocubu's Armour         Chrm/Ice       #.......     94%         3    ####...
 Spider Form              Tmut/Pois      #.........   94%         3    ####...
 Summon Guardian Golem    Hex/Summ       #.......     94%         3    ####...
 Fulminant Prism          Conj/Hex       #.........   100%        4    #####..
 Hailstorm                Conj/Ice       #.......     100%        4    #####..
 Ice Form                 Ice/Tmut       #.......     100%        4    #####..
 Iskenderun's Mystic Bla  Conj/Tloc      #.......     100%        4    #####..
 Sticky Flame             Conj/Fire      #.......     100%        4    #####..
 Summon Ice Beast         Ice/Summ       #.......     100%        4    #####..
 Summon Lightning Spire   Summ/Air       #.......     100%        4    #####..
 Blade Hands              Tmut           #.........   100%        5    ######.
 Fireball                 Conj/Fire      #.........   100%        5    ######.


Dungeon Overview and Level Annotations

Branches:
Dungeon (15/15)            Temple (0/1) D:6            Lair (6/6) D:9
 Shoals (1/4) Lair:4        Snake (4/4) Lair:4        Slime (0/5) Lair:5
    Orc (2/2) D:12            Elf (0/3) Orc:2        Vaults (0/5) D:13
 Depths (0/5) D:15        Ossuary (visited)          Bailey (visited)

Altars:
Ashenzari
Cheibriados
Dithmenos
Elyvilon
Fedhas
Gozag
Hepliaklqana
Makhleb
Ru
Trog
Xom
Yredelemnul

Shops:
D:4 =(   D:7 ?   Orc:1 *   Orc:2 =([%   Snake:2 ?}   Snake:3 }=}

Annotations:
D:4 2 transporters, Flugslaktarn's ghost, amateur MiFi
D:6 2 transporters, exclusion: ogre, Amnesiac's ghost, novice DEFi
D:8 3 runed translucent doors, wullow's ghost, novice DsVM
Lair:3 3 runed translucent doors, Sygruoh's ghost, journeyman TeAE
Snake:3 2 runed translucent doors, Ofeuj's ghost, adept MiBe
Snake:4 corrupted


Innate Abilities, Weirdness & Mutations

You cannot be hasted, slowed, berserked, paralysed or teleported.
You can dig through walls and to a lower floor.
Your four strong arms can wield two-handed weapons with a shield.
You have a pair of large antennae on your head. (SInv)
You are dopey. (Int -2)


Message History

The merfolk aquamancer points at you and mumbles some strange words.
The torrent of water hits you!!
* * * LOW HITPOINT WARNING * * *
You are knocked back by the torrent of water.
Splash!
You fall into the shallow water.
Moving in this stuff is going to be slow.
The wave splashes down.
The merfolk aquamancer casts a spell.
The merfolk aquamancer blinks!
The merfolk siren chants its luring song.
You hear an angry hiss.
The sea snake bites you but does no damage.
The sea snake bites you!
* * * LOW HITPOINT WARNING * * *
You are lethally poisoned!
The sea snake poisons you!
The merfolk aquamancer gestures at you while chanting.
The torrent of water hits you!!
You die...

#.§§§§≈≈†.%.≈≈≈≈≈≈≈≈≈≈≈≈
..§§§§.§..###≈≈≈≈≈≈≈≈≈≈≈
...§§.≈≈.###.≈≈≈≈≈≈≈≈≈≈≈
....[≈≈≈.# #≈.≈≈≈≈≈≈≈≈≈≈
≈≈≈≈≈≈.≈..##m≈≈P≈≈≈≈≈≈≈≈
≈≈≈≈≈≈≈≈≈...≈.≈≈≈≈≈≈≈≈≈≈
≈≈≈≈≈≈≈≈≈...≈.≈≈≈P≈≈≈≈≈≈
≈≈≈≈≈≈m......≈mESS≈≈m≈≈≈
≈≈≈≈≈...≈....≈.m@≈.≈≈≈≈≈
≈≈≈≈≈≈≈≈≈.≈..≈≈.≈≈.P≈≈≈≈
≈≈≈≈≈≈≈≈≈.≈...P≈≈≈≈≈≈≈≈≈
≈≈≈≈≈...#.≈≈≈≈≈≈≈≈≈≈
≈≈≈≈≈≈....P..≈P≈≈≈≈≈
≈≈≈≈≈≈≈...≈≈≈≈≈≈≈≈≈≈
≈≈≈≈≈≈≈≈≈≈≈≈≈P≈≈≈≈≈≈
≈≈≈≈≈≈P≈≈≈≈≈≈≈≈


You could see 2 sea snakes, 2 merfolk aquamancers, a merfolk, a water elemental
and a merfolk siren (mesmerising).

Vanquished Creatures
  Rupert (Lair:5)
  A tentacled starspawn (Abyss:1)
  6 nagarajas
  Kirke (Lair:5)
  Aizul (Snake:2)
  The ghost of sanka the Gelid, a journeyman BaIE of Vehumet (Orc:1)
  2 stone giants (Orc:1)
  An ophan (Abyss:1)
  Azrael (Snake:3)
  A deep elf demonologist (Abyss:1)
  2 merfolk impalers (Shoals:1)
  2 fire dragons
  Erolcha (D:11)
  Harold (D:8)
  An ice dragon (D:15)
  A vault guard (D:13)
  11 naga warriors
  6 hydras
  3 anacondas
  Erica (Lair:2)
  3 catoblepae (Lair:6)
  A merfolk aquamancer (Shoals:1)
  14 death yaks
  3 centaur warriors
  2 tengu warriors
  5 orc high priests (Orc:2)
  5 two-headed ogres
  Urug (Lair:4)
  7 naga sharpshooters
  A sun demon (Abyss:1)
  Nergalle (D:12)
  6 shock serpents
  2 wretched stars (Abyss:1)
  A spatial maelstrom (Abyss:1)
  3 salamander mystics
  A skeletal warrior (D:12)
  7 sea snakes (Shoals:1)
  3 unseen horrors
  A lindwurm (Lair:5)
  2 naga ritualists
  4 harpies (Shoals:1)
  An obsidian statue (D:13)
  4 mana vipers (Snake:2)
  9 orc knights
  16 ugly things
  A deep elf mage (D:13)
  A faun (Shoals:1)
  7 manticores
  3 cyclopes
  2 orc sorcerers
  14 salamanders
  3 guardian serpents
  4 elephants (Lair:6)
  31 black mambas
  A water nymph (Shoals:1)
  A rust devil (Abyss:1)
  12 naga magi
  A smoke demon (Abyss:1)
  Joseph (D:9)
  4 centaur skeletons
  A large abomination (Abyss:1)
  Psyche (D:8)
  4 gargoyles
  8 spiny frogs
  9 komodo dragons
  2 kobold demonologists
  15 rime drakes
  2 freezing wraiths
  Maggie (Lair:2)
  An efreet (D:15)
  2 tengu conjurers (D:15)
  2 merfolk (Shoals:1)
  7 trolls
  2 hornets
  A polar bear (Lair:6)
  8 raiju (Abyss:1)
  Prince Ribbit (D:9)
  26 blink frogs
  2 snapping turtles (Shoals:1)
  Grinder (D:3)
  7 dream sheep (Lair:4)
  11 hippogriffs
  Sigmund (D:2)
  A vampire (D:15)
  3 basilisks
  6 wyverns
  3 water elementals
  A human (D:13)
  3 wraiths
  37 yaks
  2 neqoxecs (Abyss:1)
  3 hogs
  3 hungry ghosts
  14 steam dragons
  4 vampire mosquitoes (D:14)
  3 fire elementals (Snake:3)
  Menkaure (D:5)
  3 wargs
  54 nagas
  11 water moccasins
  A hell hound (Snake:3)
  39 orc warriors
  8 porcupines
  3 sky beasts
  3 ice beasts
  A sky beast (shapeshifter) (D:13)
  2 black bears
  2 phantoms
  9 ogres
  A wolf (Lair:5)
  14 crocodiles
  14 centaurs
  Blork the orc (D:6)
  3 big kobolds
  16 bullfrogs
  Dowan (D:7)
  A water moccasin zombie (D:7)
  7 scorpions
  A wyvern skeleton (D:14)
  6 killer bees
  2 electric eels (D:14)
  4 howler monkeys
  A bullfrog zombie (D:13)
  2 centaur zombies
  10 crimson imps
  3 quasits
  4 jellies
  3 hounds
  35 orc priests
  3 bullfrog skeletons
  Jessica (D:3)
  4 iguanas
  25 orc wizards
  3 hell rats (Lair:5)
  7 worker ants
  A killer bee zombie (D:7)
  A big kobold zombie (Ossuary)
  A hound skeleton (D:4)
  9 mummies
  3 gnolls (D:4)
  2 howler monkey skeletons
  19 adders
  5 river rats (Lair:5)
  5 shadow imps
  A white imp (Abyss:1)
  An ufetubus (Abyss:1)
  2 oozes (D:3)
  2 adder skeletons
  3 worms
  5 dart slugs
  3 leopard geckos
  137 orcs
  6 giant cockroaches
  A gnoll zombie (Ossuary)
  6 goblins
  9 hobgoblins
  11 jackals
  7 quokkas
  12 bats
  5 frilled lizards
  A hobgoblin zombie (Ossuary)
  A jackal skeleton (D:4)
  21 kobolds
  2 kobold zombies (Ossuary)
  An orc zombie (Ossuary)
  13 rats
  A butterfly (Lair:1)
  6 plants (D:9)
1044 creatures vanquished.

Vanquished Creatures (collateral kills)
  2 hobgoblin zombies (Ossuary)
2 creatures vanquished.

Vanquished Creatures (others)
  A catoblepas (Lair:5)
  A naga ritualist (Snake:4)
  A mana viper (Snake:4)
  2 orc knights (Bailey)
  4 black mambas (Snake:4)
  A naga (Snake:4)
  Duvessa (D:7)
  2 orc warriors (Bailey)
  18 fungi
  20 plants
  2 starspawn tentacles (Abyss:1)
  8 toadstools (Lair:5)
61 creatures vanquished.

Grand Total: 1107 creatures vanquished

Notes
Turn   | Place    | Note
-------+----------+-------------------------------------------
     0 | Abyss:1  | kae the Formicid Abyssal Knight began the quest for the
                  | Orb.
     0 | Abyss:1  | Reached XP level 1. HP: 18/18 MP: 2/2
    38 | Abyss:1  | Noticed a small abomination
    48 | Abyss:1  | Noticed an iron imp
    48 | Abyss:1  | Noticed an ancient lich
    50 | D:1      | Escaped the Abyss
   108 | D:1      | Reached skill level 1 in Dodging
   421 | D:1      | Reached XP level 2. HP: 24/24 MP: 3/3
  1082 | D:2      | Reached XP level 3. HP: 10/29 MP: 4/4
  1288 | D:2      | Noticed Sigmund
  1481 | D:2      | Reached XP level 4. HP: 28/37 MP: 6/6
  1599 | D:2      | Reached ** piety under Lugonu
  2098 | D:2      | Reached XP level 5. HP: 29/42 MP: 7/7
  2380 | D:2      | Found a sacrificial altar of Ru.
  2545 | D:2      | Killed Sigmund
  2545 | D:2      | Reached skill level 3 in Long Blades
  2545 | D:2      | Reached XP level 6. HP: 49/49 MP: 8/8
  3198 | D:2      | Found a bloodstained altar of Trog.
  3855 | D:3      | HP: 1/49 [orc/+0 trident (4)]
  4168 | D:3      | Noticed Grinder
  4291 | D:3      | Reached XP level 7. HP: 39/55 MP: 7/10
  4425 | D:3      | Found a snail-covered altar of Cheibriados.
  4593 | D:3      | Killed Grinder
  4799 | D:3      | Noticed Jessica
  4807 | D:3      | Killed Jessica
  4937 | D:3      | Reached skill level 5 in Fighting
  5018 | D:3      | Found an opulent altar of Gozag.
  5771 | D:4      | Found Appaibbo's Jewellery Boutique.
  6111 | D:4      | Reached skill level 4 in Long Blades
  6165 | D:4      | Reached XP level 8. HP: 23/62 MP: 4/11
  6428 | D:4      | Found a transporter.
  6437 | D:4      | Reached *** piety under Lugonu
  6536 | D:4      | Found a shadowy altar of Dithmenos.
  6618 | D:4      | Found Uzxi Gou's Weapon Shop.
  6622 | D:4      | Found a transporter.
  6622 | D:4      | Noticed Flugslaktarn's ghost (amateur MiFi)
  6642 | D:4      | Reached skill level 5 in Invocations
  6928 | D:5      | Entered Level 5 of the Dungeon
  7255 | D:5      | Got a warped bone ring
  7342 | D:5      | Noticed Menkaure
  7360 | D:5      | Killed Menkaure
  7683 | D:5      | Reached skill level 5 in Armour
  7939 | D:5      | Identified the ring of Tomaer {rC+ rN+ Dex+4 SInv} (You
                  | found it on level 5 of the Dungeon)
  8140 | D:6      | Found a staircase to the Ecumenical Temple.
  8143 | D:6      | Noticed Blork the orc
  8424 | D:6      | Noticed Amnesiac's ghost (novice DEFi)
  8426 | D:6      | Found a transporter.
  8426 | D:6      | Found a transporter.
  8426 | D:6      | Identified the +8 dire flail of the Big Bang {drain, *Slow
                  | Str+4 Dex+6}
  8915 | D:6      | Killed Blork the orc
  9087 | D:7      | Reached skill level 5 in Long Blades
  9087 | D:7      | Reached XP level 9. HP: 56/69 MP: 10/13
  9110 | D:7      | Found Ynwum's Magic Scroll Emporium.
  9113 | D:7      | Bought a scroll of identify for 22 gold pieces
  9113 | D:7      | Bought a scroll of identify for 22 gold pieces
  9160 | D:7      | Found a sand-covered staircase.
  9209 | Ossuary  | Entered an ossuary
 10171 | D:7      | Noticed Duvessa
 10171 | D:7      | Noticed Dowan
 10186 | D:7      | Killed Duvessa
 10215 | D:7      | Killed Dowan
 10536 | D:7      | Found a blossoming altar of Fedhas.
 10539 | D:7      | Found a shimmering altar of Xom.
 10542 | D:7      | Found a white marble altar of Elyvilon.
 11367 | D:8      | Noticed Harold
 11966 | D:8      | Killed Harold
 11966 | D:8      | Reached skill level 6 in Long Blades
 11966 | D:8      | Reached skill level 5 in Dodging
 11966 | D:8      | Reached XP level 10. HP: 18/79 MP: 4/15
 12416 | D:8      | Reached **** piety under Lugonu
 12564 | D:8      | Noticed Psyche
 12577 | D:8      | Killed Psyche
 12607 | D:7      | HP: 3/80 [poisoned by a killer bee]
 13026 | D:8      | Found a runed translucent gate.
 13026 | D:8      | Found a runed translucent gate.
 13083 | D:8      | Found a runed translucent gate.
 13090 | D:8      | Noticed wullow's ghost (novice DsVM)
 13189 | D:8      | Found a hazy altar of Hepliaklqana.
 13190 | D:8      | Found a basalt altar of Yredelemnul.
 13568 | D:9      | Noticed Joseph
 13569 | D:9      | Found a staircase to the Lair.
 13570 | D:9      | Noticed a komodo dragon
 13875 | D:9      | Found a flagged portal.
 13891 | D:9      | Noticed a two-headed ogre
 13915 | Bailey   | Entered a bailey
 14357 | Bailey   | Noticed an orc knight
 14357 | Bailey   | Noticed an orc knight
 14357 | Bailey   | Noticed an orc knight
 14370 | Bailey   | Killed an orc knight
 14370 | Bailey   | Reached skill level 7 in Long Blades
 14377 | Bailey   | Banished an orc knight
 14433 | Bailey   | Banished an orc knight
 14433 | Bailey   | Reached XP level 11. HP: 87/87 MP: 8/17
 14998 | Bailey   | Got a bloodstained kite shield
 15016 | Bailey   | Identified the +5 kite shield of Love and Death {rElec
                  | Dex+5} (You found it in a bailey)
 15482 | D:8      | Reached skill level 1 in Shields
 16036 | D:9      | Killed Joseph
 16166 | D:9      | Noticed Prince Ribbit
 16184 | D:9      | Killed Prince Ribbit
 16184 | D:9      | Reached skill level 8 in Long Blades
 16365 | D:10     | Entered Level 10 of the Dungeon
 16982 | D:11     | Noticed a two-headed ogre
 16991 | D:11     | Killed a two-headed ogre
 17106 | D:11     | Noticed a seven-headed hydra
 17419 | D:11     | Noticed Erolcha
 17566 | D:11     | Killed Erolcha
 17851 | D:11     | Noticed a cyan ugly thing
 17875 | D:11     | Killed a cyan ugly thing
 18333 | D:11     | Noticed a manticore
 18350 | D:11     | Killed a manticore
 18665 | Lair:1   | Entered Level 1 of the Lair of Beasts
 18872 | D:9      | Killed a two-headed ogre
 18872 | D:9      | Reached skill level 9 in Long Blades
 18872 | D:9      | Reached XP level 12. HP: 57/95 MP: 16/19
 19181 | Lair:1   | Reached skill level 10 in Invocations
 19242 | Lair:1   | Reached skill level 5 in Shields
 19859 | Lair:1   | Found a bloodstained altar of Trog.
 20051 | Lair:1   | Reached skill level 10 in Long Blades
 20536 | Lair:2   | Noticed Maggie
 20558 | Lair:2   | Killed Maggie
 20659 | Lair:2   | Noticed Erica
 21049 | Lair:2   | Killed Erica
 21843 | Lair:2   | Found a shattered altar of Ashenzari.
 21883 | Lair:2   | Reached skill level 11 in Long Blades
 22104 | Lair:3   | Noticed an ice dragon
 22105 | Lair:3   | Noticed Sygruoh's ghost (journeyman TeAE)
 22566 | Lair:3   | Found a runed translucent gate.
 22567 | Lair:3   | Found a runed translucent gate.
 22568 | Lair:3   | Found a runed translucent gate.
 22876 | Lair:4   | Reached XP level 13. HP: 101/101 MP: 20/20
 23000 | Lair:4   | Reached skill level 12 in Long Blades
 23255 | Lair:4   | Noticed Urug
 23529 | Lair:4   | Found a staircase to the Snake Pit.
 23539 | Lair:4   | Found a staircase to the Shoals.
 24204 | Lair:4   | Killed Urug
 24204 | Lair:4   | Reached skill level 13 in Long Blades
 24439 | Lair:4   | Identified a scroll of acquirement
 24519 | Lair:5   | Reached ***** piety under Lugonu
 24746 | Lair:5   | Found a staircase to the Slime Pits.
 24808 | Lair:5   | Noticed an eight-headed hydra
 24811 | Lair:5   | Reached skill level 10 in Shields
 24819 | Lair:5   | Killed a three-headed hydra
 24819 | Lair:5   | Reached skill level 14 in Long Blades
 24979 | Lair:5   | Noticed a catoblepas
 25000 | Lair:5   | Found a runed translucent door.
 25391 | Lair:5   | Noticed Kirke
 25697 | Lair:5   | Reached XP level 14. HP: 108/108 MP: 21/21
 25702 | Lair:5   | Reached skill level 15 in Long Blades
 25823 | Lair:5   | Got a translucent ivory ring
 25830 | Lair:5   | Noticed Rupert
 25886 | Lair:5   | Killed Rupert
 26161 | Lair:5   | Killed Kirke
 26161 | Lair:5   | Reached skill level 16 in Long Blades
 27027 | Lair:5   | Identified the ring "Cehaebbu" {rElec rPois rF+ rCorr} (You
                  | found it on level 5 of the Lair of Beasts)
 27071 | Lair:5   | Got an ichor-stained scale mail
 27170 | Lair:5   | Identified the +9 scale mail of Ocyipig {Harm rF++ rCorr
                  | Str-4} (You found it on level 5 of the Lair of Beasts)
 27171 | Lair:6   | Entered Level 6 of the Lair of Beasts
 27339 | Lair:6   | Reached skill level 17 in Long Blades
 28514 | Lair:6   | Reached XP level 15. HP: 96/113 MP: 22/24
 28530 | Lair:6   | Reached skill level 18 in Long Blades
 30441 | D:12     | Reached ****** piety under Lugonu
 30767 | D:12     | Identified the cursed +2 shortbow of Xayhips {vorpal, rElec
                  | rN+}
 30867 | D:12     | Found the +3 pair of gauntlets of War {Slay+5}
 30916 | D:12     | Reached skill level 19 in Long Blades
 30983 | D:12     | Found a staircase to the Orcish Mines.
 31084 | D:12     | Noticed Nergalle
 31099 | D:12     | Killed Nergalle
 31190 | D:12     | Got a shimmering platinum ring
 31508 | D:12     | Identified the ring of Elitism {MP+9 Str+4} (You found it
                  | on level 12 of the Dungeon)
 31555 | Orc:1    | Entered Level 1 of the Orcish Mines
 31707 | Orc:2    | Entered Level 2 of the Orcish Mines
 31801 | Orc:1    | Noticed a stone giant
 31816 | Orc:1    | Killed a stone giant
 32409 | Orc:1    | Noticed a stone giant
 32415 | Orc:1    | Killed a stone giant
 32613 | Orc:1    | Found a runed translucent gate.
 32613 | Orc:1    | Found a runed translucent gate.
 32613 | Orc:1    | Found a runed translucent gate.
 32614 | Orc:1    | Found an opulent altar of Gozag.
 32614 | Orc:1    | Noticed sanka's ghost (journeyman BaIE)
 32852 | Orc:1    | Found Kiff's Assorted Antiques.
 32882 | Orc:1    | Killed sanka's ghost
 33110 | Orc:2    | Found a staircase to the Elven Halls.
 33275 | Orc:2    | Reached XP level 16. HP: 69/120 MP: 16/25
 34045 | Orc:2    | Reached skill level 20 in Long Blades
 34463 | Orc:2    | Found Ziliceof's Jewellery Shoppe.
 34466 | Orc:2    | Found Pomyhonn's Antique Armour Shoppe.
 34467 | Orc:2    | Found Husaugue's Food Shoppe.
 34468 | Orc:2    | Found Qofam's Weapon Emporium.
 34475 | Orc:2    | Bought a cursed amulet of inaccuracy for 30 gold pieces
 34958 | Orc:2    | Found a burning altar of Makhleb.
 35168 | Orc:1    | Bought a scroll of acquirement for 988 gold pieces
 36065 | D:13     | Found a gate to the Vaults.
 36643 | D:14     | Reached skill level 21 in Long Blades
 37499 | D:15     | Entered Level 15 of the Dungeon
 37950 | D:15     | Found a staircase to the Depths.
 38092 | D:15     | Reached XP level 17. HP: 115/125 MP: 26/26
 38537 | Snake:1  | Entered Level 1 of the Snake Pit
 39054 | Snake:1  | Found a hazy altar of Hepliaklqana.
 39551 | Snake:2  | Found Comumnow's Gadget Shoppe.
 39567 | Snake:2  | Found Okearykk's Magic Scroll Shoppe.
 39710 | Snake:2  | Reached skill level 22 in Long Blades
 40342 | Snake:2  | Noticed Aizul
 40354 | Snake:2  | Killed Aizul
 40808 | Snake:3  | Found a large runed translucent door.
 40917 | Snake:3  | Noticed Azrael
 40934 | Snake:3  | Killed Azrael
 41017 | Snake:3  | Found Kaushratt's Gadget Shop.
 41018 | Snake:3  | Found Efusasch's Jewellery Shoppe.
 41019 | Snake:3  | Found Saehoit's Gadget Shop.
 41470 | Snake:3  | Found a large runed translucent door.
 41475 | Snake:3  | Noticed Ofeuj's ghost (adept MiBe)
 42241 | Snake:4  | Entered Level 4 of the Snake Pit
 42309 | Snake:4  | Reached skill level 23 in Long Blades
 42502 | Snake:4  | Corrupted Snake:4
 42502 | Snake:4  | Noticed a tentacled starspawn
 42502 | Snake:4  | Noticed a hellephant
 42502 | Snake:4  | Noticed a bone dragon
 42502 | Snake:4  | Noticed a tentacled starspawn
 42508 | Snake:4  | Noticed a tentacled starspawn
 42521 | Snake:4  | Noticed a tentacled starspawn
 43843 | Snake:4  | Reached XP level 18. HP: 110/132 MP: 22/27
 44536 | Abyss:1  | Gained mutation: You are dopey. (Int -2) [a neqoxec]
 44841 | Snake:4  | Escaped the Abyss
 44908 | Snake:4  | Reached skill level 24 in Long Blades
 45418 | Snake:4  | Reached skill level 10 in Fighting
 45671 | Snake:4  | Got a serpentine rune of Zot
 45809 | Snake:2  | Identified a ring of the Octopus King {MP+9 AC+1 EV+1 Str+1
                  | Int+1 Dex+1}
 45848 | Shoals:1 | Entered Level 1 of the Shoals
 47413 | Shoals:1 | Killed from afar by a merfolk aquamancer

Illustrated notes

Levels and vault maps discovered:
D:1:      psy_arrival_statuary, layout_basic
D:2:      layout_basic, nicolae_ru_awakened_eye, marbit_many_paths,
          minmay_three_crescents, uniq_sigmund
D:3:      layout_basic, cheibriados_altar_1, lemuel_round_altar, first_ration,
          minmay_distorted, uniq_grinder, uniq_jessica
D:4:      layout_loops_ring, serial_shops, shop, kennysheep_mini_moat,
          gammafunk_ghost_arena, lemuel_statue_altar
D:5:      layout_basic, uniq_menkaure
D:6:      layout_loops_ring, minmay_temple_entry_large_hall,
          gammafunk_ghost_smash, uniq_blork_the_orc
D:7:      layout_basic, grunt_temple_overflow_diamond,
          gup_ossuary_entry_pyramid, serial_shops, nicolae_shop_behind_doors,
          uniq_duvessa
D:8:      layout_basic, gammafunk_temple_overflow_statue, gammafunk_ghost_split,
          uniq_harold, uniq_psyche
D:9:      layout_cave_pools, david_lair_shrubbed, enter_bailey_3,
          uniq_prince_ribbit1, uniq_joseph
D:10:     layout_cave_pools
D:11:     layout_loops_corners, uniq_erolcha
D:12:     minmay_the_grid_plus [minmay_the_grid_all_tris,
          minmay_the_grid_medium_cups, minmay_the_grid_square_x,
          minmay_the_grid_stretched_grid,
          minmay_the_grid_prize_shrinking_boxes], layout_rooms,
          hiddenorc2_lemuel, uniq_nergalle
D:13:     layout_small_grid, david_vaults_4, grunt_pizzeria,
          minmay_statue_bubble
D:14:     layout_basic, serial_bayou_ford_a
D:15:     grunt_enter_depths_hoard, layout_irregular_city
Lair:1:   layout_misc_corridors, basic_altar, chequers_serial_rivers_room_b,
          lemuel_fruit_fields, serial_bayou_shore_b, grunt_megastairs_4,
          lemuel_fruit_tree
Lair:2:   layout_regular_city, lemuel_centaur_altar, uniq_erica, uniq_maggie
Lair:3:   layout_roguey, gammafunk_ghost_icy, minivault_24
Lair:4:   beast_lair_carwin_large_2, layout_loops_ring,
          elwin_shoals_entry_rocks, minmay_snake_entry_guardpost_small,
          uniq_urug
Lair:5:   gammafunk_lair_enchanted_lake, layout_regular_city, slime_dummy,
          st_stairs_11, kennysheep_abandoned_house, serial_bayou_shore_b,
          uniq_rupert, uniq_kirke
Lair:6:   evilmike_catoblepas_cave, layout_cave_pods, bobbens_dragon_lair_wall
Shoals:1: cheibrodos_shoals_three_sisters, layout_shoals
Snake:1:  layout_rooms, basic_altar, nicolae_snake_salamander_stairs
Snake:2:  layout_rooms, serial_shops, nicolae_shop_stone, shop, uniq_aizul
Snake:3:  nicolae_snake_nest, layout_basic, ebering_ghost_disaster_area,
          grunt_megastairs_2, minmay_shop_grove, uniq_azrael
Snake:4:  minmay_snake_end_coiled, layout_layer_cave
Orc:1:    cheibrodos_orc_arena, layout_caves, ebering_ghost_gozag
Orc:2:    st_orc_pillars, layout_caves, bloody_makhleb

Skill      XL: |  1  2  3  4  5  6  7  8  9 10 11 12 13 14 15 16 17 18 |
---------------+-------------------------------------------------------+-----
Dodging        | 1 2 3 4 5 6 7 |  7.1
Invocations    | 3 4 6 7 8 9 10 12 13 | 13.1
Armour         | 3 4 5 6 7 9 |  9.0
Fighting       | 4 5 6 7 8 9 12 | 12.0
Long Blades    | 3 4 5 6 7 9 11 14 17 19 21 23 24 | 24.0
Shields        | 4 7 10 | 10.3

Action                   |  1- 3 |  4- 6 |  7- 9 | 10-12 | 13-15 | 16-18 || total
-------------------------+-------+-------+-------+-------+-------+-------++-------
Melee: Falchion          |    90 |   214 |   459 |   703 |       |       ||  1466
       Scimitar          |       |       |       |   117 |   739 |       ||   856
       Unarmed           |       |       |       |    21 |    12 |       ||    33
       Triple sword      |       |       |       |       |   378 |  1321 ||  1699
Invok: Bend Space        |       |       |     2 |    12 |     1 |    11 ||    26
       Banish            |       |       |       |     6 |     2 |       ||     8
       Corrupt           |       |       |       |       |       |     1 ||     1
       Depart the Abyss  |       |       |       |       |       |     1 ||     1
       Enter the Abyss   |       |       |       |       |       |     1 ||     1
 Abil: Dig               |     1 |     6 |    10 |    10 |    16 |    29 ||    72
Evoke: Wand              |       |       |     6 |    26 |     1 |       ||    33
  Use: Scroll            |       |     4 |    15 |    13 |    11 |    10 ||    53
       Potion            |       |     3 |     4 |     6 |     2 |     8 ||    23
 Stab: Invisible         |       |       |     5 |       |       |       ||     5
       Confused          |       |       |     1 |       |       |       ||     1
       Paralysed         |       |       |       |    20 |       |       ||    20
       Petrified         |       |       |       |       |     3 |       ||     3
       Distracted        |       |       |       |       |       |     2 ||     2
  Eat: Chunk             |     2 |     9 |    14 |    18 |    35 |    24 ||   102
       Ration            |       |     1 |     3 |     6 |     1 |     9 ||    20
Armor: Leather armour    |    38 |    34 |    64 |    35 |       |       ||   171
       Skin              |       |    11 |     4 |    11 |     1 |       ||    27
       Plate armour      |       |       |       |   185 |    76 |       ||   261
       Scale mail        |       |       |       |       |    98 |   223 ||   321
Dodge: Dodged            |    54 |   146 |   255 |   297 |   258 |   437 ||  1447
       Repelled          |       |       |       |       |       |    44 ||    44
Block: Kite shield       |       |       |       |   428 |   643 |   935 ||  2006
       Rpst.: Falchion   |    23 |    50 |    72 |    62 |       |       ||   207
       Scimitar          |       |       |       |     7 |    36 |       ||    43
       Triple sword      |       |       |       |       |    31 |    75 ||   106

Table legend:
 A = Non-vault XP
 B = Vault XP
 C = Vault XP percentage of total XP
 D = Non-vault monster count
 E = Vault monster count
 F = Vault count percentage of total count
                 A         B        C        D         E       F
            +---------+---------+-------+---------+---------+-------
      Total |  153272 |  106282 |  40.9 |     679 |     365 |  35.0
            +---------+---------+-------+---------+---------+-------
        D:1 |      21 |       0 |   0.0 |      11 |       0 |   0.0
        D:2 |     176 |     259 |  59.5 |      35 |       8 |  18.6
        D:3 |     113 |     301 |  72.7 |      32 |       6 |  15.8
        D:4 |     245 |       0 |   0.0 |      21 |       0 |   0.0
        D:5 |     265 |     169 |  38.9 |       5 |       1 |  16.7
        D:6 |     310 |      96 |  23.6 |      14 |       1 |   6.7
        D:7 |     539 |     211 |  28.1 |      12 |       3 |  20.0
        D:8 |    1824 |    1415 |  43.7 |      29 |       2 |   6.5
        D:9 |    1884 |    1104 |  36.9 |      24 |       7 |  22.6
       D:10 |     434 |       0 |   0.0 |      11 |       0 |   0.0
       D:11 |    2856 |    1019 |  26.3 |      22 |       1 |   4.3
       D:12 |    1804 |    8006 |  81.6 |      22 |      58 |  72.5
       D:13 |    9603 |    2848 |  22.9 |      47 |       6 |  11.3
       D:14 |   10441 |       0 |   0.0 |      32 |       0 |   0.0
       D:15 |    8272 |    2008 |  19.5 |      22 |       2 |   8.3
     Lair:1 |    2606 |    1168 |  30.9 |      11 |       5 |  31.2
     Lair:2 |    2283 |    1753 |  43.4 |      15 |       6 |  28.6
     Lair:3 |    2729 |       0 |   0.0 |      11 |       0 |   0.0
     Lair:4 |    4058 |    5341 |  56.8 |      18 |      11 |  37.9
     Lair:5 |    9518 |    9999 |  51.2 |      27 |      27 |  50.0
     Lair:6 |   13752 |   19513 |  58.7 |      42 |      48 |  53.3
   Shoals:1 |   10293 |    4568 |  30.7 |      20 |       6 |  23.1
    Snake:1 |    6487 |     498 |   7.1 |      12 |       1 |   7.7
    Snake:2 |   13406 |    1617 |  10.8 |      25 |       1 |   3.8
    Snake:3 |   13969 |    3255 |  18.9 |      31 |       7 |  18.4
    Snake:4 |   14024 |   24822 |  63.9 |      31 |      45 |  59.2
      Orc:1 |    5785 |    2793 |  32.6 |      28 |      20 |  41.7
      Orc:2 |    3550 |   11165 |  75.9 |      47 |      64 |  57.7
    Abyss:1 |   12025 |       0 |   0.0 |      22 |       0 |   0.0
    Ossuary |       0 |     165 | 100.0 |       0 |      16 | 100.0
     Bailey |       0 |    2189 | 100.0 |       0 |      13 | 100.0
            +---------+---------+-------+---------+---------+-------
